 Dungeon Crawl Stone Soup version 0.31.0-11-ge490571c62 (webtiles) character file.

Game seed: 9293917139692252986

70 Persephone the Shooter (level 4, 0/25 HPs)
             Began as a Kobold Hexslinger on Jan 29, 2024.
             Slain by Natasha (8 damage)
             ... on level 2 of the Dungeon.
             The game lasted 00:02:47 (1854 turns).

Persephone the Shooter (Kobold Hexslinger)          Turns: 1854, Time: 00:02:48

Health: 0/25       AC:  2    Str:  5    XL:     4   Next: 45%
Magic:  5/5        EV: 15    Int: 14    God:
Gold:   52         SH:  0    Dex: 19    Spells: 5/5 levels left

rFire   . . .        a - +1 sling
rCold   . . .        (no shield)
rNeg    . . .        c - +0 robe
rPois   .            (no helmet)
rElec   .            (no cloak)
rCorr   .            (no gloves)
SInv    .            (no boots)
Will    .....        (no amulet)
Stlth   +++          (no ring)
HPRegen 0.24/turn    (no ring)
MPRegen 0.09/turn

%: no passive effects
@: no status effects
A: small, no large weapons, nightstalker 3
a: no special abilities


You were on level 2 of the Dungeon.
You visited 1 branch of the dungeon, and saw 2 of its levels.

You collected 52 gold pieces.

Inventory:

Hand Weapons
 a - a +1 sling (weapon)
Armour
 c - a +0 robe (worn)
Scrolls
 b - a scroll of poison
 e - 2 scrolls of identify {unknown}
 f - a scroll of vulnerability {unknown}
 h - a scroll of fog {unknown}
 i - a scroll of blinking {unknown}
 j - a scroll of revelation {unknown}
Potions
 d - a potion of mutation {unknown}
 g - a potion of curing {unknown}


   Skills:
 - Level 1.1 Fighting
 + Level 5.8 Ranged Weapons
 - Level 2.4 Dodging
 - Level 1.1 Spellcasting
 - Level 3.0 Hexes
 - Level 1.0 Fire Magic


You had 5 spell levels left.
You didn't know any spells.
Your spell library contained the following spells:

 Spells                   Type           Power      Damage    Failure   Level
 Jinxbite                 Hex            18%        N/A       12%         2
 Confusing Touch          Hex            9%         N/A       22%         3
 Sigil of Binding         Hex            9%         N/A       22%         3
 Kiss of Death            Conj/Necr      0%         2d5       26%         1
 Sting                    Conj/Alch      0%         1d3       26%         1
 Inner Flame              Hex/Fire       6%         N/A       34%         3
 Mercury Vapours          Alch/Air       0%         N/A       36%         2
 Cause Fear               Hex            4%         N/A       58%         4
 Stone Arrow              Conj/Erth      0%         3d7       61%         3
 Dimensional Bullseye     Hex/Tloc       2%         N/A       80%         4
 Animate Armour           Summ/Erth      0%         N/A       95%         4
 Dispel Undead            Necr           0%         3d6       95%         4
 Olgreb's Toxic Radiance  Alch           0%         N/A       95%         4
 Lehudib's Crystal Spear  Conj/Erth      0%         10d2      100%        8


Dungeon Overview and Level Annotations

Branches:
Dungeon (2/15)

Altars:

Shops:
D:1 [

Annotations:
D:2 Natasha


Innate Abilities, Weirdness & Mutations

You are small and have problems with some larger weapons.
You are completely attuned to the shadows.


Message History

Natasha is moderately wounded.
You shoot a sling bullet.
The sling bullet closely misses Natasha.
Natasha barely misses you.
You shoot a sling bullet. The sling bullet hits Natasha.
Natasha is heavily wounded.
Natasha mumbles some strange words.
Auto kill stopped - Too dangerous: Extremely Dangerous (0) Dangerous (2) Easy (0) Harmless (0) Natasha attacks as she pursues you!
Natasha closely misses you.
You shoot a sling bullet.
The sling bullet hits Natasha but does no damage.
Natasha is heavily wounded.
Natasha mumbles some strange words.
Natasha's front paws start to glow.
Natasha stares at you and mumbles some strange words.
The magic dart hits you.
The cerulean imp hits you from afar with a +3 spear.
You are too injured to fight recklessly!
You are too injured to fight recklessly!
You shoot a sling bullet.
The sling bullet closely misses Natasha.
The sling bullet hits the cerulean imp.
The cerulean imp is moderately wounded.
Natasha closely misses you. The cerulean imp closely misses you.
Natasha claws you!
You shoot a sling bullet. The sling bullet hits Natasha.
Natasha is severely wounded.
The cerulean imp hits you but does no damage.
Natasha claws you but does no damage.
You shoot a sling bullet. The sling bullet barely misses Natasha.
The sling bullet hits the cerulean imp.
The cerulean imp is severely wounded.
The cerulean imp closely misses you. Natasha claws you.
The cerulean imp misses you.
You shoot a sling bullet.
The sling bullet hits Natasha but does no damage.
Natasha is severely wounded.
Natasha claws you!
You die...
Natasha begins licking her fur clean.

#.<........##########
#..........##........
#.............#######
#......#...#### ##
#......#...# #...
#......#...# #...
#...5..#...# #...
####h###...# #... #@#
#...#######... #.#
#............. #.#
###........... #.#
#........... #.#
#..........# #.#
#..........# #.#
#..........# ###
#...........
#...........


You could see Natasha and a cerulean imp (summoned).

Vanquished Creatures
  Natasha (D:2)
  An adder (D:2)
  A dart slug (D:2)
  A ribbon worm (D:2)
  3 ball pythons (D:1)
  A bat (D:2)
  6 endoplasms
  2 giant cockroaches (D:1)
  3 goblins
  4 hobgoblins
  2 frilled lizards (D:1)
  3 kobolds
  5 rats
33 creatures vanquished.

Notes
Turn   | Place    | Note
-------+----------+-------------------------------------------
     0 | D:1      | Persephone the Kobold Hexslinger began the quest for the
                  | Orb.
     0 | D:1      | Reached XP level 1. HP: 12/12 MP: 2/2
    38 | D:1      | Reached skill level 3 in Ranged Weapons
    95 | D:1      | Found Muuc's Armour Shoppe.
   315 | D:1      | Reached XP level 2. HP: 16/16 MP: 3/3
   711 | D:1      | Reached skill level 4 in Ranged Weapons
  1064 | D:1      | Reached XP level 3. HP: 20/20 MP: 4/4
  1322 | D:2      | Reached skill level 5 in Ranged Weapons
  1536 | D:2      | Noticed Natasha
  1541 | D:2      | Killed Natasha
  1542 | D:2      | Reached XP level 4. HP: 25/25 MP: 5/5
  1843 | D:2      | Noticed Natasha
  1854 | D:2      | Slain by Natasha

Illustrated notes

Levels and vault maps discovered:
D:1:      orjb1_clovarrival, layout_basic, serial_shops, shop, minmay_ruptured
D:2:      layout_basic, corexii_item_surrounded_by_moat, palyth_stone_intersect,
          kennysheep_generic_room_8, uniq_crazy_yiuf_cottage, uniq_natasha

Skill      XL: |  1  2  3 |
---------------+----------+-----
Ranged Weapons | 3 4 5 |  5.8
Fighting       | |  1.1
Dodging        | |  2.4
Spellcasting   | |  1.1
Hexes          | |  3.0
Fire Magic     | |  1.0

Action                     |  1- 3 |  4- 6 || total
---------------------------+-------+-------++-------
   Fire: Sling             |    74 |    10 ||    84
 Armour: Robe              |     5 |     7 ||    12
  Dodge: Dodged            |    10 |     6 ||    16
